 Dungeon Crawl Stone Soup version 0.21-a0-498-g1b60429 (webtiles) character file.

25 4thArraOfDagon the Vexing (level 2, -3/19 HPs)
             Began as a Mummy Enchanter on Nov 24, 2017.
             Slain by an orc
             ... wielding a +0 trident
              (6 damage)
             ... on level 4 of the Dungeon.
             The game lasted 00:02:00 (323 turns).

4thArraOfDagon the Vexing (Mummy Enchanter)          Turns: 323, Time: 00:02:01

Health: -3/19      AC:  3    Str: 11    XL:     2   Next: 86%
Magic:  2/5        EV: 12    Int: 14    God:
Gold:   16         SH:  0    Dex: 12    Spells: 3/6 levels left

rFire    x . .     SeeInvis .   a - +1 dagger
rCold    + . .     Gourm    .   (no shield)
rNeg     + + +     Faith    .   b - +0 robe
rPois    ∞         Spirit   .   (no helmet)
rElec    .         Reflect  .   (no cloak)
rCorr    .         Harm     .   (no gloves)
MR       .....                  d - +0 pair of boots
Stlth    ++........             (no amulet)
HPRegen  0.06/turn              (no ring)
MPRegen  0.09/turn              (no ring)

@: no status effects
A: no food or potions, fire vulnerability, cold resistance 1, negative energy
resistance 3, torment resistance, unbreathing
a: no special abilities


You were on level 4 of the Dungeon.
You were not hungry.

You visited 1 branch of the dungeon, and saw 4 of its levels.

You collected 16 gold pieces.

Inventory:

Hand Weapons
 a - a +1 dagger (weapon)
Armour
 b - a +0 robe (worn)
 d - a +0 pair of boots (worn)
Books
 c - a book of Maledictions

   Spells                             Type                      Level
   a - Corona                         Hexes                        1
   b - Ensorcelled Hibernation        Hexes/Ice                    2
   c - Confuse                        Hexes                        3
   d - Tukima's Dance                 Hexes                        3
   e - Dazzling Spray                 Conjuration/Hexes            3


   Skills:
 * Level 2.3 Short Blades
 - Level 1.5 Dodging
 - Level 2.4 Stealth
 - Level 2.6 Spellcasting
 - Level 2.6 Hexes


You had 3 spell levels left.
You knew the following spells:

 Your Spells              Type           Power        Failure   Level  Hunger
a - Corona                Hex            #......      8%          1    N/A
b - Ensorcelled Hibernat  Hex/Ice        #.....       19%         2    N/A

Dungeon Overview and Level Annotations

Branches:
Dungeon (4/15)
 Temple: D:4-7

Altars:
Zin


Innate Abilities, Weirdness & Mutations

You do not eat or drink.
Your flesh is vulnerable to fire.
You are immune to poison.
Your flesh is cold resistant. (rC+)
You are immune to negative energy. (rN+++)
You are immune to unholy pain and torment.
You can survive without breathing.


Message History

An orc comes into view. It is wielding a mace.
The orc hits the plant with a mace.
Found 19 sling bullets.
Unknown command.
The orc barely misses you.
A worker ant comes into view.
Casting: Ensorcelled Hibernation
Confirm with . or Enter, or press ? or * to list all spells.
Aiming: Ensorcelled Hibernation
Press: ? - help, Shift-Dir - straight line, f - orc
Aim: an orc, wielding a trident and wearing a leather armour (chance to defeat MR: 54%)
Okay, then.
The orc hits you with a trident.
Unknown command.
The worker ant twitches its antennae in your direction.
The orc hits you with a trident.
* * * LOW HITPOINT WARNING * * *
Unknown command.
The orc hits you from afar with a trident.
You die... ≈≈P≈♣ PP♣P ♣P♣♣≈P . ♣≈≈≈P### ##.. ♣≈≈PP..##....?
PP≈≈≈≈≈.##........ ≈PP≈≈≈P #.o.a.##.. #PoP≈P

#.####...# #.≈.≈
#@# ### #.##
###.# #.# ##...#
# #.####..###
.#######......##
(........######
....######
.....# .(.o.#


You could see an orc.

Vanquished Creatures
  2 adders
  A giant cockroach (D:3)
  2 goblins (D:3)
  A quokka (D:3)
  A bat (D:2)
  A frilled lizard (D:2)
  A rat (D:3)
9 creatures vanquished.

Notes
Turn   | Place    | Note
-------+----------+-------------------------------------------
     0 | D:1      | 4thArraOfDagon the Mummy Enchanter began the quest for the Orb.
     0 | D:1      | Reached XP level 1. HP: 13/13 MP: 4/4
    45 | D:2      | Reached skill level 1 in Short Blades
   132 | D:3      | jacquesderrida: DANG MANG
   177 | D:3      | Reached XP level 2. HP: 8/19 MP: 2/5
   178 | D:3      | NormalPerson7: i was playing...
   181 | D:3      | Learned a level 2 spell: Ensorcelled Hibernation
   238 | D:3      | Found a glowing silver altar of Zin.
   238 | D:3      | Noticed an angel
   270 | D:2      | jacquesderrida: i sea
   294 | D:3      | You fall through a shaft!
   318 | D:4      | NormalPerson7: "your +2 pair of boots of running falls away" from Ds mutations: a very sad day indeed
   323 | D:4      | Slain by an orc

Vault maps used:
D:1:      lightli_arrival_lavapool
D:2:      nemelex_xobeh_ov_fountains_minmay, minmay_misc_feat_secret_circle,
          serial_bayou_pond_c, grunt_ministairs_10, minmay_misc_feat_cross,
          serial_bayou_pond_c
D:3:      zin_angel
D:4:      hangedman_abyss_or_decor_lesser_grid, serial_bayou_lagoon_a,
          uniq_edmund, uniq_crazy_yiuf_cottage

Skill      XL: |  1 |
---------------+----+-----
Short Blades   | 2 |  2.3
Dodging        | |  1.5
Stealth        | |  2.4
Spellcasting   | |  2.6
Hexes          | |  2.6

Action                   || total
-------------------------++-------
Melee: Dagger            ||    31
Throw: Tomahawk          ||     1
 Cast: Corona            ||     7
       Ensorcelled Hiber ||     2
 Stab: Sleeping          ||     2
Armor: Robe              ||     5
Dodge: Dodged            ||    24

Table legend:
 A = Spawn XP
 B = Non-spawn XP
 C = Spawn XP percentage of total XP
 D = Spawn monster count
 E = Non-spawn monster count
 F = Spawn count percentage of total count
 G = Total turns spent on level
                    A         B        C        D         E        F      G
               +---------+---------+-------+---------+---------+-------+---------
         Total |       0 |      37 |   0.0 |       0 |       9 |   0.0 |   323
               +---------+---------+-------+---------+---------+-------+---------
           D:2 |       0 |       2 |   0.0 |       0 |       2 |   0.0 |    55
           D:3 |       0 |      22 |   0.0 |       0 |       6 |   0.0 |   195
           D:4 |       0 |      13 |   0.0 |       0 |       1 |   0.0 |    41
               +---------+---------+-------+---------+---------+-------+---------
